 Dungeon Crawl Stone Soup version 0.28-a0-750-g7c675f85b1 (webtiles) character file.

Game seed: 12893832052917325954

32 KoroneIsBestGirl the Skirmisher (level 3, 0/40 HPs)
             Began as an Ogre Fighter on Oct 29, 2021.
             Slain by a scorpion (7 damage)
             ... on level 2 of the Dungeon.
             The game lasted 00:01:54 (1952 turns).

KoroneIsBestGirl the Skirmisher (Ogre Fighter)      Turns: 1952, Time: 00:01:55

Health: 0/40       AC:  3    Str: 21    XL:     3   Next: 25%
Magic:  3/3        EV:  8    Int:  9    God:
Gold:   38         SH:  7    Dex:  8    Spells: 2/2 levels left

rFire   . . .      SeeInvis .   a - +0 trident
rCold   . . .      Faith    .   c - +0 kite shield
rNeg    . . .      Spirit   .   b - +0 robe
rPois   .          Reflect  .   (helmet restricted)
rElec   .          Harm     .   (no cloak)
rCorr   .          Rampage  .   (gloves unavailable)
Will    .....                   (boots unavailable)
Stlth   +.........              (no amulet)
HPRegen 0.13/turn               (no ring)
MPRegen 0.08/turn               (no ring)

@: mighty, lethally poisoned (0 -> -5)
A: large, unfitting armour, tough skin 1
a: no special abilities


You were on level 2 of the Dungeon.
You visited 1 branch of the dungeon, and saw 2 of its levels.

You collected 38 gold pieces.

Inventory:

Hand Weapons
 a - a +0 trident (weapon)
Missiles
 e - 20 stones (quivered)
Armour
 b - a +0 robe (worn)
 c - a +0 kite shield (worn)
Scrolls
 f - a scroll of identify {unknown}


   Skills:
 + Level 4.5 Fighting
 + Level 2.4 Polearms
 + Level 3.0 Dodging
 + Level 3.0 Shields


You had 2 spell levels left.
You didn't know any spells.
Your spell library was empty.

Dungeon Overview and Level Annotations

Branches:
Dungeon (2/15)

Altars:


Innate Abilities, Weirdness & Mutations

You are too large for most types of armour.
You have tough skin. (AC +1)


Message History

No target in view!
No target in view!
No target in view!
No target in view!
No target in view!
No target in view!
No target in view!
You see here 16 stones.
e - 16 stones You now have 30 gold pieces (gained 12).
You now have 38 gold pieces (gained 8).
e - 20 stones (gained 4)
You see here a +0 dagger.
Key pressed, stopping explore.
Done exploring.
Done exploring.
Done exploring.
No target in view!
There is an escape hatch in the floor here.
There is a stone staircase leading down, spattered with blood here.
You climb downwards.
There is a stone staircase leading up here.
You see here a +0 dagger.
Found a stone staircase leading up.
An endoplasm and a scorpion come into view.
You closely miss the scorpion. The scorpion stings you. x2
You are poisoned.
The scorpion poisons you!
You closely miss the scorpion.
You feel very sick. The scorpion stings you!
You feel very mighty all of a sudden.
You feel sick. The scorpion stings you.
You puncture the scorpion!
The scorpion is almost dead.
You feel very sick. The scorpion stings you.
* * * LOW HITPOINT WARNING * * *
The scorpion stings you!
You die...

##..... .....s.
....... .......
.......######
............#
............#
##########s.####
........@...#
#..<#.......# ##
#.......#
#.#.)#### #.#)<#
..#)## ####.#
..# ####


You could see a scorpion.

Vanquished Creatures
  A bat (D:1)
  3 endoplasms (D:1)
  2 hobgoblins (D:1)
  7 jackals
  2 quokkas (D:1)
  2 ball pythons (D:1)
  5 frilled lizards
  2 goblins
  4 kobolds
  A rat (D:1)
29 creatures vanquished.

Notes
Turn   | Place    | Note
-------+----------+-------------------------------------------
     0 | D:1      | KoroneIsBestGirl the Ogre Fighter began the quest for the
                  | Orb.
     0 | D:1      | Reached XP level 1. HP: 24/24 MP: 1/1
   319 | D:1      | Reached XP level 2. HP: 29/32 MP: 2/2
   999 | D:1      | Reached XP level 3. HP: 22/40 MP: 3/3
  1942 | D:2      | Noticed a scorpion
  1952 | D:2      | Slain by a scorpion

Illustrated notes

Levels and vault maps discovered:
D:1:      ncdulo_wetmaze, layout_rooms
D:2:      layout_basic, basic_altar, serial_shops, shop,
          nicolae_shop_overgrown_old_shop, shop, shop,
          minmay_randomly_rotated_circles

Skill      XL: |  1  2  3 |
---------------+----------+-----
Dodging        | 3 |  3.0
Shields        | 3 |  3.0
Fighting       | |  4.5
Polearms       | |  2.4

Action                   || total
-------------------------++-------
Melee: Trident           ||   125
  Use: Potion            ||     2
 Stab: Invisible         ||     2
       Sleeping          ||     1
Armor: Robe              ||    59
Dodge: Dodged            ||    58
Block: Kite shield       ||    52

Table legend: (Time is in decaauts)
 A = Elapsed time spent in this place.
 B = Non-inter-level travel time spent in this place.
 C = Inter-level travel time spent in this place.
 D = Time resting spent in this place.
 E = Time spent auto-exploring this place.
 F = Levels seen in this place.
 G = Mean time per level.
                   A        B        C        D        E       F      G
               +--------+--------+--------+--------+--------+-----+--------+
         Total |   2009 |   1986 |     23 |    986 |    715 |   2 | 1004.5 |
       Dungeon |   2009 |   1986 |     23 |    986 |    715 |   2 | 1004.5 |
               +--------+--------+--------+--------+--------+-----+--------+

Top non-repeatable levels by time:
     D:2: 1034 daAuts
     D:1: 974 daAuts
